 Dungeon Crawl Stone Soup version 0.25-a0-2-g6559c6c67a (webtiles) character file.

Game seed: 12735108155604210754, levelgen mode: deterministic

1375 Gargoyl the Covered (level 8, 0/66 HPs)
             Began as a Centaur Abyssal Knight on Oct 14, 2019.
             Was an Elder of Lugonu.
             Succumbed to a gnoll's poison
             ... on level 5 of the Dungeon.
             The game lasted 00:09:02 (6391 turns).

Gargoyl the Covered (Centaur Abyssal Knight)        Turns: 6391, Time: 00:09:02

Health: 0/66       AC:  8    Str: 15    XL:     8   Next: 39%
Magic:  11/11      EV:  5    Int: 16    God:    Lugonu [****..]
Gold:   282        SH:  5    Dex: 13    Spells: 7/7 levels left

rFire    . . .     SeeInvis .   a - +3 hand axe
rCold    . . .     Gourm    .   g - +1 buckler
rNeg     . . .     Faith    .   d - +0 chain mail
rPois    .         Spirit   .   (no helmet)
rElec    .         Reflect  .   (no cloak)
rCorr    .         Harm     .   (no gloves)
MR       .....                  (no barding)
Stlth    ..........             (no amulet)
HPRegen  0.21/turn              m - +2 ring of dexterity
MPRegen  0.12/turn              (no ring)

@: brilliant, lethally poisoned (0 -> -7), very quick
A: large, hooves 3, thin skeletal structure 1, blink, clumsy 1, deformed body,
speed 2, screaming 1, tough skin 3
a: Blink, Depart the Abyss, Bend Space, Banish, Corrupt, Renounce Religion


You were on level 5 of the Dungeon.
You worshipped Lugonu.
Lugonu was greatly pleased with you.
You were not hungry.

You visited 1 branch of the dungeon, and saw 5 of its levels.
You visited the Abyss 1 time.

You collected 282 gold pieces.

Inventory:

Hand Weapons
 a - a +3 hand axe (weapon)
Missiles
 n - 3 javelins (quivered)
 o - 8 boomerangs
Armour
 d - a +0 chain mail (worn)
 g - a +1 buckler (worn)
Jewellery
 m - a +2 ring of dexterity (left hand)
Wands
 j - a wand of random effects (23)
Scrolls
 e - 4 scrolls of identify
 f - a scroll of magic mapping
 l - 2 scrolls of teleportation
Potions
 b - a potion of haste
 h - a potion of lignification
Comestibles
 c - 10 rations


   Skills:
 + Level 4.3 Fighting
 + Level 4.8 Axes
 + Level 0.9 Throwing
 * Level 5.0 Armour
 * Level 2.5 Dodging
 + Level 1.0 Shields
 * Level 4.5 Invocations


You had 7 spell levels left.
You didn't know any spells.
Your spell library contained the following spells:

 Spells                   Type           Power        Failure   Level  Hunger
 Summon Small Mammal      Summ           #...         47%         1    ##.....
 Call Imp                 Summ           #.......     58%         2    ###....
 Call Canine Familiar     Summ           #.......     78%         3    ####...
 Summon Guardian Golem    Hex/Summ       #.......     78%         3    ####...
 Summon Ice Beast         Ice/Summ       #.......     98%         4    #####..
 Summon Lightning Spire   Summ/Air       #.......     98%         4    #####..


Dungeon Overview and Level Annotations

Branches:
Dungeon (5/15)
 Temple: D:4-7

Altars:
Ru
Zin


Innate Abilities, Weirdness & Mutations

You have hooves in place of feet.
Armour fits poorly on your strangely shaped body.
You cover ground very quickly.
You have extremely tough skin. (AC +3)
You have a somewhat thin skeletal structure. (Dex +2, Stealth)
You can translocate small distances at will.
You are clumsy. (Dex -2)
You occasionally shout uncontrollably at your foes.


Message History

You see here an iguana corpse.
* * * LOW HITPOINT WARNING * * *
You feel sick.
* * * LOW HITPOINT WARNING * * *
You feel sick.
* * * LOW HITPOINT WARNING * * *
You feel sick.
* * * LOW HITPOINT WARNING * * *
You feel sick.
* * * LOW HITPOINT WARNING * * *
You feel sick.
A centaur zombie comes into view.
* * * LOW HITPOINT WARNING * * *
You feel sick.
The centaur zombie moves out of view.
* * * LOW HITPOINT WARNING * * *
You feel sick.
* * * LOW HITPOINT WARNING * * *
You feel sick.
The centaur zombie hits you but does no damage.
You die...

.......# #......# ##.#####
#......# ############## #.#
#......# #............# #.#
#......# #............#
##.########......# #............#
.................# #............#
.................# #............#
................Z###............#
................@...............#
.................###............#
###..........##### #....(.†.....#
#..........# #......).)....
#..........# ############.#.
#..........# #..............
#..........# #.##########.##
#..........# #.#......# #...
#..........# #.#.####.# ####


You could see a centaur zombie.

Vanquished Creatures
  An eye of draining (D:3)
  An ice beast (D:5)
  A phantom (D:4)
  A sky beast (D:5)
  2 ogres
  The ghost of Aaksess the Magician, an amateur GnWz of Cheibriados (D:3)
  3 crimson imps (D:5)
  A centaur zombie (D:4)
  3 hounds
  5 iguanas
  Terence (D:2)
  Natasha (thrice) (D:4)
  3 worker ants
  A hound zombie (D:5)
  3 gnolls (D:5)
  7 adders
  An adder zombie (D:5)
  An adder skeleton (D:4)
  3 worms
  6 dart slugs
  10 leopard geckos
  17 orcs
  A ball python (D:1)
  5 giant cockroaches
  8 goblins
  8 hobgoblins
  7 jackals
  5 kobolds
  A quokka (D:3)
  6 bats
  2 frilled lizards
  A jackal skeleton (D:5)
  8 rats
127 creatures vanquished.

Notes
Turn   | Place    | Note
-------+----------+-------------------------------------------
     0 | Abyss:1  | Gargoyl the Centaur Abyssal Knight began the quest for the
                  | Orb.
     0 | Abyss:1  | Reached XP level 1. HP: 19/19 MP: 2/2
    74 | Abyss:1  | Noticed a wight
    85 | Abyss:1  | Noticed an ancient zyme
   102 | Abyss:1  | Noticed an iron imp
   103 | Abyss:1  | Noticed a ynoxinul
   108 | Abyss:1  | Noticed a freezing wraith
   113 | Abyss:1  | Noticed a raiju
   114 | Abyss:1  | Noticed a sixfirhy
   116 | D:1      | Escaped the Abyss
   547 | D:1      | Reached XP level 2. HP: 25/26 MP: 3/3
   594 | D:1      | Reached * piety under Lugonu
   894 | D:1      | Reached skill level 1 in Dodging
  1079 | D:2      | Found a glowing silver altar of Zin.
  1092 | D:2      | Noticed Terence
  1100 | D:2      | Reached XP level 3. HP: 23/31 MP: 4/4
  1101 | D:2      | Killed Terence
  1209 | D:2      | Reached XP level 4. HP: 28/38 MP: 5/5
  1444 | D:2      | Reached skill level 2 in Armour
  1936 | D:2      | Reached ** piety under Lugonu
  2373 | D:3      | Reached XP level 5. HP: 27/45 MP: 7/7
  2581 | D:3      | Noticed an eye of draining
  2601 | D:3      | Killed an eye of draining
  2849 | D:3      | Reached skill level 3 in Armour
  2849 | D:3      | Reached XP level 6. HP: 44/52 MP: 8/8
  3107 | D:3      | Reached *** piety under Lugonu
  3143 | D:3      | Found a runed translucent door.
  3144 | D:3      | Noticed Aaksess's ghost (amateur GnWz)
  3167 | D:3      | Killed Aaksess's ghost
  3520 | D:3      | Reached XP level 7. HP: 11/58 MP: 9/9
  4078 | D:4      | Noticed Natasha
  4096 | D:4      | Gained mutation: You occasionally shout uncontrollably at
                  | your foes. [potion of mutation]
  4096 | D:4      | Gained mutation: You are clumsy. (Dex -2) [potion of
                  | mutation]
  4096 | D:4      | Gained mutation: You have a somewhat thin skeletal
                  | structure. (Dex +2, Stealth) [potion of mutation]
  4096 | D:4      | Gained mutation: You can translocate small distances at
                  | will. [potion of mutation]
  4099 | D:4      | Killed Natasha
  4215 | D:4      | Noticed Natasha
  4224 | D:4      | Killed Natasha
  4236 | D:4      | Noticed Natasha
  4241 | D:4      | Killed Natasha
  4829 | D:4      | Reached skill level 4 in Armour
  4947 | D:5      | Entered Level 5 of the Dungeon
  5060 | D:5      | Reached skill level 1 in Shields
  5060 | D:5      | Reached XP level 8. HP: 42/66 MP: 11/11
  5283 | D:5      | Found a sacrificial altar of Ru.
  5620 | D:5      | Reached **** piety under Lugonu
  6377 | D:5      | Reached skill level 5 in Armour
  6386 | D:5      | HP: 3/66 [poisoned by a gnoll]
  6390 | D:5      | HP: 1/66 [poisoned by a gnoll]
  6391 | D:5      | Succumbed to a gnoll's poison

Levels and vault maps discovered:
D:1:      lemuel_arrival_lava_pool, layout_basic
D:2:      layout_basic, overflow_temple_1_default, first_ration, uniq_terence
D:3:      layout_basic, gammafunk_ghost_grave
D:4:      layout_rooms, uniq_natasha
D:5:      layout_basic, nicolae_ru_sacrificial_ziggurat, grunt_decor_one_mirror,
          uniq_duvessa

Skill      XL: |  1  2  3  4  5  6  7  8 |
---------------+-------------------------+-----
Dodging        | 1 2 |  2.5
Axes           | 2 3 4 |  4.8
Armour         | 2 3 4 5 |  5.0
Invocations    | 3 4 |  4.5
Fighting       | 4 |  4.3
Shields        | 1 |  1.0
Throwing       | |  0.9

Action                   |  1- 3 |  4- 6 |  7- 9 || total
-------------------------+-------+-------+-------++-------
Melee: Hand axe          |    68 |   241 |   190 ||   499
       Kick              |    14 |    50 |    53 ||   117
Throw: Boomerang         |       |    11 |       ||    11
       Javelin           |       |     3 |     3 ||     6
Invok: Depart the Abyss  |     1 |       |       ||     1
  Use: Potion            |     3 |     1 |     5 ||     9
       Scroll            |     4 |     4 |     3 ||    11
  Eat: Chunk             |       |     6 |     7 ||    13
       Ration            |       |       |     1 ||     1
Armor: Chain mail        |    41 |   173 |    99 ||   313
Dodge: Dodged            |    16 |    43 |    41 ||   100
Block: Buckler           |     3 |    43 |    35 ||    81

Table legend:
 A = Non-vault XP
 B = Vault XP
 C = Vault XP percentage of total XP
 D = Non-vault monster count
 E = Vault monster count
 F = Vault count percentage of total count
                 A         B        C        D         E       F
            +---------+---------+-------+---------+---------+-------
      Total |    1791 |     174 |   8.9 |     124 |       3 |   2.4
            +---------+---------+-------+---------+---------+-------
        D:1 |      29 |       0 |   0.0 |      14 |       0 |   0.0
        D:2 |      60 |      36 |  37.5 |      23 |       1 |   4.2
        D:3 |     348 |     103 |  22.8 |      43 |       1 |   2.3
        D:4 |     530 |      35 |   6.2 |      21 |       1 |   4.5
        D:5 |     824 |       0 |   0.0 |      23 |       0 |   0.0
            +---------+---------+-------+---------+---------+-------
